 Dungeon Crawl Stone Soup version 0.29.0-15-g675c0067aa (webtiles) character file.

Game seed: 15403441347742385142

3 xian the Grasshopper (level 1, 0/9 HPs)
             Began as a Spriggan Wanderer on Sept 12, 2022.
             Slain by a quokka (3 damage)
             ... on level 1 of the Dungeon.
             The game lasted 00:01:22 (520 turns).

xian the Grasshopper (Spriggan Wanderer)             Turns: 520, Time: 00:01:23

Health: 0/9        AC:  2    Str:  5    XL:     1   Next: 41%
Magic:  3/3        EV: 17    Int: 14    God:
Gold:   38         SH:  0    Dex: 16    Spells: 2/2 levels left

rFire   . . .      SeeInvis +   a - +0 dagger
rCold   . . .      Faith    .   (no shield)
rNeg    . . .      Spirit   .   c - +0 robe
rPois   .          Reflect  .   d - +0 hat
rElec   .          Harm     .   (no cloak)
rCorr   .          Rampage  .   (gloves unavailable)
Will    .....                   (boots unavailable)
Stlth   ++........              (no amulet)
HPRegen 0.03/turn               (no ring)
MPRegen 0.08/turn               (no ring)

@: very quick
A: very small, no large weapons, unfitting armour, see invisible, speed 3
a: no special abilities


You were on level 1 of the Dungeon.
You visited 1 branch of the dungeon, and saw 1 of its levels.

You collected 38 gold pieces.

Inventory:

Hand Weapons
 a - a +0 dagger (weapon)
Armour
 c - a +0 robe (worn)
 d - a +0 hat (worn)
Scrolls
 f - a scroll of teleportation {unknown}
Potions
 b - a potion of curing
 e - a potion of attraction {unknown}


   Skills:
 + Level 1.0 Throwing
 + Level 2.2 Dodging
 + Level 1.7 Stealth
 + Level 1.3 Spellcasting
 + Level 3.3 Translocations
 + Level 2.0 Poison Magic
 + Level 1.0 Invocations


You had 2 spell levels left.
You didn't know any spells.
Your spell library contained the following spells:

 Spells                   Type           Power      Damage    Failure   Level
 Apportation              Tloc           20%        N/A       7%          1
 Sting                    Tmut/Pois      12%        1d3       17%         1
 Gell's Gravitas          Tloc           10%        N/A       21%         3
 Ignite Poison            Fire/Tmut/Pois 2%         N/A       50%         3
 Olgreb's Toxic Radiance  Pois           6%         N/A       73%         4


Dungeon Overview and Level Annotations

Branches:
Dungeon (1/15)

Altars:


Innate Abilities, Weirdness & Mutations

You are very small and have problems with some larger weapons.
You are too small for most types of armour.
You have supernaturally acute eyesight. (SInv)
You cover ground extremely quickly. (Speed+++)


Message History

You barely miss the frilled lizard.
The frilled lizard bites you but does no damage.
You hit the frilled lizard.
The frilled lizard is heavily wounded.
The frilled lizard bites you but does no damage.
You closely miss the frilled lizard.
The frilled lizard is heavily wounded.
The frilled lizard bites you.
You hit the frilled lizard.
You kill the frilled lizard!
You hit the quokka but do no damage. The quokka bites you.
You barely miss the quokka. The quokka barely misses you.
You hit the quokka.
The quokka is heavily wounded.
The quokka misses you.
You barely miss the quokka.
The quokka is heavily wounded.
The quokka closely misses you. The quokka barely misses you.
You closely miss the quokka.
The quokka is heavily wounded.
The quokka bites you.
You hit the quokka but do no damage.
The quokka is heavily wounded.
The quokka bites you.
You hit the quokka but do no damage.
The quokka is heavily wounded.
The quokka misses you.
You barely miss the quokka.
The quokka is heavily wounded.
The quokka misses you.
The quokka twitches its whiskers.
You see here 7 stones.
You see here 6 stones.
You start resting.
A quokka is nearby!
You start resting.
A quokka is nearby!
The quokka bites you.
You hit the quokka but do no damage. The quokka bites you.
You die...

########
#####......#####
r......(.......######
#####.#..#..........###
##
......#....#.#.####...#
.. #.
#####.#.##.#...r@.....#
##.##.
...##.#......#.##.....#
#...##
##.##..........##....##
#...#.
##.##........####....#
#...#. .............#
##.#.# #####...#.
##.###.......#
#.#.###.......#. #.#
#.......#
..#............. #.#
#.......#
#>######.......#. #.#
#......†# #. #####...#.


You could see a quokka.

Vanquished Creatures
  A quokka (D:1)
  A ball python (D:1)
  2 frilled lizards (D:1)
4 creatures vanquished.

Notes
Turn   | Place    | Note
-------+----------+-------------------------------------------
     0 | D:1      | xian the Spriggan Wanderer began the quest for the Orb.
     0 | D:1      | xian set off with the following items: a +0 dagger, a
                  | potion of curing, a +0 robe, a +0 hat; and the following
                  | spells available to memorise: Apportation, Sting, Gell's
                  | Gravitas, Ignite Poison, Olgreb's Toxic Radiance.
     0 | D:1      | Reached XP level 1. HP: 9/9 MP: 3/3
   520 | D:1      | Slain by a quokka

Illustrated notes

Levels and vault maps discovered:
D:1:      matt_arrival_grand_opening, layout_loops_cross, feat_on_display

Action                   || total
-------------------------++-------
Melee: Dagger            ||    30
Armor: Robe              ||     5
Dodge: Dodged            ||    27
